 Dungeon Crawl Stone Soup version 0.31-a0-246-g8cbcc1cb85 (webtiles) character file.

Game seed: 11867122006399942468

94112 juan097 the Grappler (level 15, -1/182 HPs)
             Began as a Troll Shapeshifter on July 12, 2023.
             Was a High Priest of Uskayaw.
             Incinerated by a deep elf pyromancer (5 damage)
             ... with a sticky flame
             ... on level 13 of the Dungeon.
             The game lasted 01:03:00 (17522 turns).

juan097 the Grappler (Troll Shapeshifter)          Turns: 17522, Time: 01:03:00

Health: -1/182     AC: 10    Str: 38    XL:     15   Next: 62%
Magic:  12/21      EV: 22    Int:  4    God:    Uskayaw [*****.]
Gold:   2042       SH:  0    Dex: 10    Spells: 12/14 levels left

rFire   . .          .
                       - Unarmed
rCold   . . .        (shield currently unavailable)
rNeg    . . .        b - melded +0 swamp dragon scales
rPois   .            S - melded +0 hat
rElec   .            t - melded +0 cloak
rCorr   .            (gloves unavailable)
SInv    .            (boots unavailable)
Will    +....        A - amulet of faith
Stlth   +            D - +5 ring of evasion
HPRegen 1.30/turn    Q - +5 ring of evasion
MPRegen 0.17/turn

%: faith
@: on fire, snake-form, glowing
A: constrict, amphibious, boosted hp, large, unfitting armour, (claws 3),
regeneration 1, (shaggy fur 1), (tough skin 1)
a: Renounce Religion, Stomp, Line Pass, Grand Finale


You were on level 13 of the Dungeon.
You worshipped Uskayaw.
Uskayaw was aware of your devotion.
You were an enormous anaconda.
You visited 3 branches of the dungeon, and saw 20 of its levels.
You visited the Abyss 1 time.

You collected 2143 gold pieces.
You spent 101 gold pieces at shops.

Inventory:

Hand Weapons
 P - the +1 hand axe of Focus {heavy, Will+ rCorr Str+5}
   (You found it on level 7 of the Dungeon)

   Str:       It affects your strength (+5).
   rCorr:     It protects you from acid and corrosion.
   Will:      It increases your willpower.
 X - a +0 shortbow of electrocution
Missiles
 i - 6 javelins
 k - 9 atropa-tipped darts
 o - 25 poisoned darts (quivered)
 r - 4 throwing nets
 s - 14 boomerangs
 v - 18 large rocks
 L - a curare-tipped dart
Armour
 b - +0 swamp dragon scales (melded)
 t - a +0 cloak (melded)
 O - a +2 kite shield
 S - a +0 hat (melded)
Jewellery
 A - an amulet of faith (around neck)
 D - a +5 ring of evasion (left hand)
 H - the ring of Sushad {Wiz Str+4 Dex-3}
   (You took it off a centaur on level 6 of the Dungeon)

   [ring of wizardry]

   It improves your spell success rate.
   Str:       It affects your strength (+4).
   Dex:       It affects your dexterity (-3).
 Q - a +5 ring of evasion (right hand)
Talismans
 h - a serpent talisman
 y - a blade talisman
Wands
 d - a wand of flame (38)
 j - a wand of mindburst (5)
 u - a wand of polymorph (7)
 C - a wand of charming (14)
 U - a wand of acid (21)
Scrolls
 f - a scroll of fear
 g - 3 scrolls of vulnerability
 l - 4 scrolls of enchant armour
 m - 6 scrolls of poison
 n - 3 scrolls of enchant weapon
 p - 8 scrolls of teleportation
 q - 8 scrolls of fog
 w - a scroll of silence
 E - 3 scrolls of revelation
 J - 3 scrolls of immolation
 N - 2 scrolls of torment
 T - a scroll of brand weapon
 W - a scroll of amnesia
Potions
 a - 6 potions of curing
 e - 3 potions of brilliance
 x - 4 potions of attraction {unknown}
 F - 4 potions of enlightenment {unknown}
 G - 2 potions of haste {unknown}
 I - 5 potions of lignification
 K - a potion of invisibility
 M - a potion of resistance
 R - a potion of ambrosia {unknown}
 V - 4 potions of might
 Y - a potion of mutation {unknown}
Miscellaneous
 c - a condenser vane (inert)


   Skills:
 + Level 10.5 Fighting
 - Level 4.0 Throwing
 - Level 2.0 Armour
 - Level 8.0 Dodging
 - Level 4.0 Stealth
 - Level 14.0 Unarmed Combat
 + Level 10.0 Invocations
 + Level 6.4 Evocations
 - Level 11.0 Shapeshifting


You had 12 spell levels left.
You knew the following spells:

 Your Spells              Type           Power      Damage    Failure   Level
a - Wereblood             Tmut           0%         N/A       98%         2

Your spell library contained the following spells:

 Spells                   Type           Power      Damage    Failure   Level
 Lesser Beckoning         Tloc           0%         N/A       98%         2
 Sublimation of Blood     Necr           0%         N/A       98%         2
 Gell's Gravitas          Tloc           0%         N/A       99%         3
 Hailstorm                Conj/Ice       0%         3d3       99%         3
 Inner Flame              Hex/Fire       0%         N/A       99%         3
 Stone Arrow              Conj/Erth      0%         3d7       99%         3
 Teleport Other           Tloc           0%         N/A       99%         3
 Animate Armour           Summ/Erth      0%         N/A       100%        4
 Animate Dead             Necr           0%         N/A       100%        4
 Cause Fear               Hex            0%         N/A       100%        4
 Summon Ice Beast         Ice/Summ       0%         N/A       100%        4
 Fireball                 Conj/Fire      0%         3d3       100%        5
 Yara's Violent Unravell  Hex/Tmut       0%         3d3       100%        5
 Simulacrum               Ice/Necr       0%         N/A       100%        6
 Enfeeble                 Hex            0%         N/A       100%        7
 Haunt                    Necr/Summ      0%         N/A       100%        7
 Ozocubu's Refrigeration  Ice            0%         4d7       100%        7
 Summon Hydra             Summ           0%         N/A       100%        7
 Infestation              Necr           0%         N/A       100%        8
 Lehudib's Crystal Spear  Conj/Erth      0%         10d2      100%        8
 Dragon's Call            Summ           0%         N/A       100%        9
 Polar Vortex             Ice            0%         N/A       100%        9


Dungeon Overview and Level Annotations

Branches:
Dungeon (13/15)            Temple (0/1) D:6            Lair (5/5) D:10
  Swamp (0/4) Lair:2       Spider (0/4) Lair:3          Orc (2/2) D:9
    Elf (0/3) Orc:2        Vaults (0/5) D:13
  Slime: Lair:4-5

Altars:
Dithmenos
Elyvilon
Gozag
Trog
Uskayaw
Xom
Jiyva

Shops:
D:10 :   Orc:1 ([(*   Orc:2 [[([*

Annotations:
D:10 3 runed translucent doors, knightboat's ghost, journeyman DgHs
D:13 Maurice
Lair:4 exclusion: 4 oklob plants


Innate Abilities, Weirdness & Mutations

You are an enormous anaconda.
You have a powerful constriction melee attack.
You are amphibious.
Your maximum health is increased.
Your spellcasting is less reliable in this form.
Your armour is entirely melded.
You are incapable of wielding weapons or throwing items.
You are too large for most types of armour.
((You have claws for hands.))
Your natural rate of healing is unusually fast.
((You are covered in fur. (AC +1)))
((You have tough skin. (AC +1)))


Message History

The vampire mosquito is almost destroyed.
The boulder beetle seems less confused.
The vampire mosquito seems less confused.
The centaur warrior seems less confused.
The centaur seems less confused.
The vampire mosquito completely misses you.
The centaur warrior is engulfed in noxious fumes.
The centaur warrior appears confused.
The boulder beetle is engulfed in negative energy.
The boulder beetle leaps!
The deep troll earth mage enters a dispersal trap!
The cyclops blinks!
The centaur blinks!
The manticore blinks!
The deep elf pyromancer blinks!
The slime creature blinks!
The cyclops blinks!
The slime creature blinks!
The centaur blinks!
The slime creature blinks!
The centaur blinks! x2; The acid dragon blinks!
The cyclops blinks!
The deep elf pyromancer blinks!
The vampire mosquito blinks!
The kobold demonologist blinks!
The centaur warrior blinks!
The vampire mosquito blinks! x2; The kobold demonologist blinks!
You blink.
A vampire mosquito comes into view.
Found a stone staircase leading up.
Found a runed cloak.
The vampire mosquito bites you but does no damage.
Uskayaw links your audience in an emotional bond!
You body-slam the vampire mosquito!!
You destroy the vampire mosquito!
The deep troll earth mage seems to regain its courage.
The centaur warrior seems to regain its courage.
The centaur unwields a +1 heavy war axe.
The centaur wields a +0 shortbow.
The centaur shoots an arrow.
The arrow closely misses you.
The deep elf pyromancer gestures at you while chanting.
The sticky flame hits you.
You are covered in liquid flames!
* * * LOW HITPOINT WARNING * * *
You are covered in liquid flames!
* * * LOW HITPOINT WARNING * * *
The centaur shoots an arrow.
The arrow hits you.
* * * LOW HITPOINT WARNING * * *
You are covered in liquid flames!
You die...

..§.§.H...#...#.y .#.
.###§.c...e#.#..###..#
.)#.Dc...T.§.....[..#.
.###§...y...#...#.#..#
..)|....c..e#.D.....#.
.)))).§...............
....:.................
.............†.#######
########........S.#
#...........#
#....≈..........
#[..≈≈≈.....###.#
#..≈≈≈≈...<.#
#..§≈§≈.###..
#.......# #.. #######
.##


You could see a deep troll earth mage (pain bonded) and a deep elf pyromancer
(pain bonded).

Vanquished Creatures
  Jorgrun (Orc:1)
  Gastronok (Lair:1)
  4 tentacled starspawn (Abyss:2)
  An ironbound preserver (D:13)
  Nessos (Lair:3)
  Josephine (D:11)
  5 hydras
  A spriggan zombie (Abyss:2)
  3 catoblepae (Lair:5)
  2 centaur warriors (D:13)
  2 boulder beetles
  6 two-headed ogres
  18 death yaks
  A tengu warrior (D:13)
  Urug (D:13)
  A wretched star (Abyss:2)
  4 skysharks
  An orb spider (Lair:3)
  A flayed ghost (D:12)
  A wizard (D:12)
  An orc knight (Orc:2)
  A deep elf pyromancer (D:13)
  11 starcursed masses (Abyss:2)
  7 ugly things
  10 orc sorcerers
  2 wolf spiders
  A worldbinder (Abyss:2)
  7 cyclopes
  6 manticores
  4 black mambas
  A torpor snail (Lair:4)
  A gargoyle (D:10)
  14 cane toads
  An unseen horror (D:12)
  2 rime drakes (Lair:2)
  An efreet (D:13)
  A freezing wraith (Abyss:2)
  A tengu conjurer (D:13)
  A burning bush (Lair:1)
  14 komodo dragons
  An ancient zyme (Abyss:2)
  An ice devil (Abyss:2)
  A polar bear (Lair:5)
  5 trolls
  2 hornets
  A tyrant leech (Lair:2)
  A raiju (Abyss:2)
  12 blink frogs
  2 dream sheep (Lair:4)
  4 shadows
  Sigmund (D:4)
  7 wraiths
  2 vampires
  A ynoxinul (Abyss:2)
  4 slime creatures
  A wyvern (Lair:2)
  Eustachio (D:4)
  3 large abominations (Abyss:2)
  5 basilisks
  2 fire elementals (Lair:1)
  9 vampire mosquitoes
  52 yaks
  2 steam dragons
  Menkaure (D:4)
  9 wargs (Orc:2)
  2 small abominations (Abyss:2)
  An acid dragon (D:10)
  19 water moccasins
  8 orc warriors
  2 sky beasts
  A black bear (D:4)
  2 ice beasts
  9 wolves
  10 ogres
  6 centaurs
  2 phantoms
  Blork the orc (D:6)
  7 gnoll sergeants
  12 bullfrogs
  3 scorpions
  9 wights
  12 killer bees
  4 howler monkeys
  2 electric eels (Lair:3)
  2 lava snakes (Lair:1)
  A quasit (Abyss:2)
  10 orc priests
  10 hounds
  3 gnoll boudas
  2 iguanas
  Ijyb (D:3)
  3 sleepcaps (D:4)
  38 orc wizards
  14 hell rats (Lair:1)
  Robin (D:2)
  32 gnolls
  10 river rats (Lair:1)
  6 adders
  5 shadow imps
  3 white imps
  An ufetubus (D:5)
  A worm (D:2)
  4 dart slugs
  67 orcs
  9 endoplasms
  4 giant cockroaches
  24 goblins
  8 hobgoblins
  5 jackals
  11 quokkas
  9 ball pythons
  11 bats
  3 frilled lizards
  2 kobolds
  12 rats
  A starspawn tentacle (Abyss:2)
698 creatures vanquished.

Vanquished Creatures (others)
  A human (shapeshifter) (D:13)
  An orc wizard (Orc:2)
  A lurking horror (Abyss:2)
  5 starspawn tentacles (Abyss:2)
8 creatures vanquished.

Grand Total: 706 creatures vanquished

Notes
Turn   | Place    | Note
-------+----------+-------------------------------------------
     0 | D:1      | juan097 the Troll Shapeshifter began the quest for the Orb.
     0 | D:1      | Reached XP level 1. HP: 19/19 MP: 0/0
   147 | D:1      | Reached XP level 2. HP: 23/28 MP: 1/1
   535 | D:1      | Reached XP level 3. HP: 35/35 MP: 2/2
  1127 | D:2      | Identified the +0 helmet of Veiz {Harm Str-5 Int+3 Stlth+}
  1127 | D:2      | Noticed Robin
  1141 | D:2      | Killed Robin
  1142 | D:2      | Reached XP level 4. HP: 44/44 MP: 3/3
  1177 | D:2      | Reached skill level 3 in Unarmed Combat
  1825 | D:3      | Reached XP level 5. HP: 50/52 MP: 4/4
  1898 | D:3      | Noticed Ijyb
  1927 | D:3      | Killed Ijyb
  2508 | D:4      | Noticed Eustachio
  2656 | D:4      | Killed Eustachio
  2657 | D:4      | Reached skill level 4 in Unarmed Combat
  2657 | D:4      | Reached XP level 6. HP: 47/61 MP: 5/5
  2719 | D:4      | Found a shadowy altar of Dithmenos.
  2801 | D:4      | Noticed Sigmund
  2803 | D:4      | Noticed an ice beast
  2809 | D:4      | Killed Sigmund
  2810 | D:4      | Reached skill level 5 in Unarmed Combat
  2810 | D:4      | Reached skill level 5 in Shapeshifting
  2810 | D:4      | Reached XP level 7. HP: 38/67 MP: 6/6
  2920 | D:4      | Noticed Menkaure
  2924 | D:4      | Killed Menkaure
  2981 | D:4      | Reached skill level 6 in Unarmed Combat
  3122 | D:4      | Found a white marble altar of Elyvilon.
  3122 | D:4      | Found a shimmering altar of Xom.
  3127 | D:4      | Found a hide-covered altar of Uskayaw.
  3379 | D:4      | Became a worshipper of Uskayaw the Reveller
  3390 | D:5      | Entered Level 5 of the Dungeon
  3448 | D:5      | Reached * piety under Uskayaw
  3449 | D:5      | Reached ** piety under Uskayaw
  3450 | D:5      | Reached XP level 8. HP: 70/75 MP: 7/7
  3541 | D:5      | Reached skill level 1 in Invocations
  3556 | D:5      | Reached *** piety under Uskayaw
  3560 | D:5      | Reached **** piety under Uskayaw
  3660 | D:5      | Learned a level 2 spell: Wereblood
  3664 | D:5      | Reached skill level 7 in Unarmed Combat
  3727 | D:5      | Reached ***** piety under Uskayaw
  4164 | D:5      | Reached skill level 8 in Unarmed Combat
  4524 | D:6      | Reached XP level 9. HP: 83/83 MP: 11/11
  4528 | D:6      | Noticed Blork the orc
  4538 | D:6      | Killed Blork the orc
  4627 | D:6      | Identified the ring of Sushad {Wiz Str+4 Dex-3}
  4747 | D:6      | Found a staircase to the Ecumenical Temple.
  4964 | D:7      | Reached skill level 9 in Unarmed Combat
  5190 | D:7      | Reached skill level 5 in Fighting
  5254 | D:7      | Identified the +1 hand axe of Focus {heavy, Will+ rCorr
                  | Str+5}
  5533 | D:8      | Found a bloodstained altar of Trog.
  5687 | D:8      | Reached XP level 10. HP: 96/96 MP: 12/12
  5973 | D:8      | Reached skill level 1 in Throwing
  6249 | D:9      | Reached skill level 1 in Stealth
  6256 | D:9      | Found a staircase to the Orcish Mines.
  6268 | D:9      | Reached ****** piety under Uskayaw
  6387 | D:9      | Noticed a two-headed ogre
  6667 | D:9      | Killed a two-headed ogre
  6668 | D:9      | Reached skill level 5 in Dodging
  6955 | D:10     | Entered Level 10 of the Dungeon
  6962 | D:10     | Reached skill level 10 in Unarmed Combat
  6962 | D:10     | Reached skill level 5 in Invocations
  6964 | D:10     | Found a runed translucent gate.
  6964 | D:10     | Found a runed translucent gate.
  6964 | D:10     | Found a runed translucent gate.
  6976 | D:10     | Noticed knightboat's ghost (journeyman DgHs)
  7048 | D:10     | Found Miseofat's Book Shoppe.
  7075 | D:10     | Found a staircase to the Lair.
  7266 | D:10     | Found an opulent altar of Gozag.
  7588 | D:10     | Noticed a gargoyle
  7599 | D:10     | Noticed an orc knight
  7603 | D:10     | Noticed a two-headed ogre
  7610 | D:10     | Noticed a green ugly thing
  7611 | D:10     | Reached XP level 11. HP: 89/105 MP: 14/14
  7758 | D:10     | Found a viscous altar of Jiyva.
  7784 | Lair:1   | Entered Level 1 of the Lair of Beasts
  7966 | Lair:1   | Reached skill level 11 in Unarmed Combat
  7995 | Lair:1   | Noticed Gastronok
  8292 | Lair:1   | Killed Gastronok
  8784 | Lair:1   | Reached skill level 12 in Unarmed Combat
  8784 | Lair:1   | Reached XP level 12. HP: 86/114 MP: 15/15
  8986 | Lair:2   | Found a staircase to the Swamp.
  9333 | Lair:2   | Noticed a death yak
  9338 | Lair:2   | Noticed a death yak
  9338 | Lair:2   | Noticed a death yak
  9339 | Lair:2   | Noticed a death yak
  9339 | Lair:2   | Noticed a death yak
  9354 | Lair:2   | Killed a death yak
  9364 | Lair:2   | Killed a death yak
  9371 | Lair:2   | Killed a death yak
  9372 | Lair:2   | Reached skill level 1 in Armour
  9373 | Lair:2   | Killed a death yak
  9377 | Lair:2   | Killed a death yak
 10251 | Lair:3   | Noticed Nessos
 10251 | Lair:3   | Noticed a four-headed hydra
 10359 | Lair:3   | Killed a four-headed hydra
 10511 | Lair:3   | Killed Nessos
 10512 | Lair:3   | Reached XP level 13. HP: 61/124 MP: 16/16
 10811 | Lair:3   | Found a hole to the Spider Nest.
 11248 | Lair:4   | Reached skill level 10 in Shapeshifting
 11255 | Lair:4   | Reached skill level 13 in Unarmed Combat
 11940 | Lair:4   | Found a viscous altar of Jiyva.
 12206 | Lair:5   | Entered Level 5 of the Lair of Beasts
 12996 | Lair:5   | Reached XP level 14. HP: 137/137 MP: 18/18
 13104 | Lair:5   | Reached skill level 14 in Unarmed Combat
 13768 | Orc:1    | Entered Level 1 of the Orcish Mines
 13773 | Orc:1    | Reached skill level 1 in Evocations
 13782 | Orc:1    | Noticed Jorgrun
 13784 | Orc:1    | Found Wicwu's Assorted Antiques.
 13786 | Orc:1    | Found Lioso's Antique Weapon Shop.
 13794 | Orc:1    | Killed Jorgrun
 13864 | Orc:1    | Bought a sapphire potion for 29 gold pieces
 13917 | Orc:1    | Found Zimu's Antique Armour Emporium.
 14080 | Orc:2    | Entered Level 2 of the Orcish Mines
 14154 | Orc:2    | Paralysed by an orc sorcerer for 5 turns
 14220 | Orc:2    | Found Poleng's Antique Weapon Shop.
 14220 | Orc:2    | Found Fajug's Antique Armour Emporium.
 14359 | Orc:2    | Found Kemetocu's Antique Armour Boutique.
 14570 | Orc:2    | Found Yricame's Armour Emporium.
 14580 | Orc:2    | Found Ameurerr's General Store.
 14597 | Orc:2    | Bought a potion of might for 72 gold pieces
 14649 | Orc:2    | Found a staircase to the Elven Halls.
 14821 | Orc:1    | Found Bocafeur's Antique Weapon Shop.
 15069 | D:11     | Noticed Josephine
 15084 | D:11     | Killed Josephine
 15576 | D:11     | Found a bloodstained altar of Trog.
 16306 | D:12     | Reached skill level 5 in Evocations
 16505 | Abyss:2  | Cast into level 2 of the Abyss (a wizard)
 16532 | Abyss:2  | Found a corrupted altar of Lugonu.
 16577 | Abyss:2  | Noticed a tentacled starspawn
 16581 | Abyss:2  | Killed a tentacled starspawn
 16597 | Abyss:2  | Reached XP level 15. HP: 147/149 MP: 14/20
 16673 | Abyss:2  | Found a corrupted altar of Lugonu.
 16674 | Abyss:2  | Noticed a tentacled starspawn
 16681 | Abyss:2  | Killed a tentacled starspawn
 16704 | Abyss:2  | Noticed a tentacled starspawn
 16709 | Abyss:2  | Killed a tentacled starspawn
 16785 | Abyss:2  | Noticed a tentacled starspawn
 16794 | Abyss:2  | Killed a tentacled starspawn
 16818 | Abyss:2  | Reached skill level 10 in Fighting
 16902 | D:12     | Escaped the Abyss
 17038 | D:12     | Noticed a fire giant
 17320 | D:13     | Found a gate to the Vaults.
 17484 | D:13     | Noticed Urug
 17497 | D:13     | Killed Urug
 17512 | D:13     | Noticed Maurice
 17513 | D:13     | Reached skill level 10 in Invocations
 17514 | D:13     | Identified the +8 shortbow "Ustoehaa" {drain, rN+}
 17521 | D:13     | HP: 4/182 [burnt (8)]
 17522 | D:13     | Incinerated by a deep elf pyromancer

Illustrated notes

Levels and vault maps discovered:
D:1:      amcnicky_arrival_blooded_trapdoor, layout_basic, amethyst_killhole,
          st_stairs_14, nicolae_kite_square_tiling_tiny, moated_statue
D:2:      layout_loops_cross, kennysheep_generic_room_7, uniq_robin
D:3:      kennysheep_the_goblin_king, layout_loops_ring,
          guppyfry_early_orc_mine, uniq_ijyb
D:4:      layout_loops_ring, grunt_temple_overflow_open, uniq_menkaure,
          uniq_eustachio, uniq_sigmund
D:5:      layout_loops_ring, nicolae_hexahallways, minmay_puff
D:6:      layout_rooms, minmay_temple_entry_fiery, minmay_misc_feat_doors,
          uniq_blork_the_orc
D:7:      layout_rooms, eino_tiny_chamber
D:8:      layout_basic, lemuel_tele_altar
D:9:      layout_loops_ring, david_orc_2
D:10:     layout_cave_pools, nicolae_gozag_seed_capital, dpeg_oklobed_lair,
          gammafunk_ghost_ooze, serial_gnoll_camp, gnoll_camp_mini_hut,
          gnoll_camp_mini_loothouse, gnoll_camp_mini_shop,
          gnoll_camp_huts_basic, gnoll_camp_mini_doghouse,
          onia_ninara_dug_in_and_dangerous
D:11:     layout_roguey, bloody_trog, uniq_josephine
D:12:     minmay_shrinking_squares, layout_loops_ring
D:13:     minmay_the_grid_square_5x5_5x5_mashed
          [minmay_the_grid_square_5x5_eight_small,
          minmay_the_grid_square_5x5_comb,
          minmay_the_grid_square_5x5_two_walls_b,
          minmay_the_grid_square_5x5_plus, minmay_the_grid_square_5x5_corner,
          minmay_the_grid_square_5x5_meh, minmay_the_grid_square_5x5_prize_open,
          minmay_the_grid_square_5x5_slash,
          minmay_the_grid_square_5x5_prize_snowflake,
          minmay_the_grid_square_5x5_three_small,
          minmay_the_grid_square_5x5_tri_point, minmay_the_grid_square_5x5_c,
          minmay_the_grid_square_5x5_prize_monsterx,
          minmay_the_grid_square_5x5_three, minmay_the_grid_square_5x5_shrine1,
          minmay_the_grid_square_5x5_dogpile,
          minmay_the_grid_square_5x5_prize_open,
          minmay_the_grid_square_5x5_moneybag,
          minmay_the_grid_square_5x5_prize_waves,
          minmay_the_grid_square_5x5_inner_z,
          minmay_the_grid_square_5x5_inner_i,
          minmay_the_grid_square_5x5_longway,
          minmay_the_grid_square_5x5_broken_cross,
          minmay_the_grid_square_5x5_two_walls_a,
          minmay_the_grid_square_5x5_intrusive_squares], layout_basic,
          skrybe_vaults_entry_preservation, uniq_urug, uniq_maurice
Lair:1:   lemuel_ratsnest, layout_chaotic_city, evilmike_ambush
          [evilmike_ambush_outer_basic, evilmike_ambush_inner_basic],
          uniq_gastronok
Lair:2:   layout_layer_cave, minmay_swamp_entry_worms, serial_bayou_pond_a
Lair:3:   layout_cave_shapes, nicolae_spider_entry_orb_guardian,
          serial_bayou_lagoon_b, infiniplex_staircase_pool_2, uniq_nessos
Lair:4:   layout_concentric_octagons, minmay_slime_entry_oklob_enclosed,
          dpeg_oklob_1, grunt_megastairs_4
Lair:5:   evilmike_catoblepas_cave, layout_small_grid, serial_bayou_pond_d,
          serial_bayou_shore_a
Orc:1:    layout_caves, serial_shops, nicolae_shop_overgrown_old_shop, shop,
          shop, shop, uniq_jorgrun
Orc:2:    st_orc_town, layout_caves, serial_shops, nicolae_shop_real_fake_doors

Skill      XL: |  1  2  3  4  5  6  7  8  9 10 11 12 13 14 15 |
---------------+----------------------------------------------+-----
Fighting       | 2 3 5 6 7 8 9 10 | 10.5
Unarmed Combat | 3 4 5 6 8 9 10 12 13 14 | 14.0
Shapeshifting  | 4 5 6 7 9 10 11 | 11.0
Invocations    | 4 5 6 7 8 10 | 10.0
Dodging        | 2 4 5 6 7 8 |  8.0
Throwing       | 3 4 |  4.0
Stealth        | 2 4 |  4.0
Armour         | 2 |  2.0
Evocations     | 5 6 |  6.4

Action                     |  1- 3 |  4- 6 |  7- 9 | 10-12 | 13-15 || total
---------------------------+-------+-------+-------+-------+-------++-------
  Melee: Unarmed           |    66 |   126 |   169 |   450 |   673 ||  1484
         Punch             |     2 |     2 |     8 |    24 |       ||    36
         Constrict         |       |       |       |    17 |   158 ||   175
  Throw: Dart              |       |     2 |     3 |    18 |     6 ||    29
         Large rock        |       |       |       |     3 |       ||     3
         Boomerang         |       |       |       |     1 |       ||     1
 Invoke: Line Pass         |       |       |     1 |     1 |     2 ||     4
         Grand Finale      |       |       |       |     2 |     4 ||     6
  Evoke: Wand              |       |       |       |     4 |     1 ||     5
         Condenser vane    |       |       |       |       |     1 ||     1
    Use: Scroll            |       |       |    12 |     4 |     6 ||    22
         Potion            |       |       |       |     2 |     2 ||     4
   Stab: Sleeping          |     1 |     1 |     1 |     3 |     6 ||    12
         Paralysed         |       |       |     6 |    34 |    48 ||    88
         Distracted        |       |       |       |     1 |       ||     1
         Confused          |       |       |       |       |     1 ||     1
 Armour: Animal skin       |    15 |    42 |     1 |       |       ||    58
         Skin              |       |     2 |       |     6 |   101 ||   109
         Robe              |       |       |    26 |    23 |       ||    49
  Dodge: Dodged            |    26 |    61 |    88 |   328 |   476 ||   979
   Form: Beast             |       |     2 |     1 |     2 |     1 ||     6
                           |       |     2 |     1 |     1 |     1 ||     5
         Anaconda          |       |       |       |     2 |     3 ||     5
         Blade             |       |       |       |     1 |     1 ||     2

Table legend: (Time is in decaauts)
 A = Elapsed time spent in this place.
 B = Non-inter-level travel time spent in this place.
 C = Inter-level travel time spent in this place.
 D = Time resting spent in this place.
 E = Time spent auto-exploring this place.
 F = Levels seen in this place.
 G = Mean time per level.
                   A        B        C        D        E       F      G
               +--------+--------+--------+--------+--------+-----+--------+
         Total |  17234 |  16229 |   1005 |    121 |  12041 |  21 |  820.7 |
       Dungeon |   9846 |   9151 |    695 |    100 |   6986 |  13 |  757.4 |
          Lair |   5809 |   5561 |    248 |      0 |   4250 |   5 | 1161.8 |
  Orcish Mines |   1203 |   1141 |     62 |      0 |    805 |   2 |  601.5 |
         Abyss |    374 |    374 |      0 |     21 |      0 |   1 |  374.0 |
               +--------+--------+--------+--------+--------+-----+--------+

Top non-repeatable levels by time:
  Lair:2: 1361 daAuts
  Lair:5: 1229 daAuts
  Lair:1: 1154 daAuts
  Lair:4: 1144 daAuts
     D:5: 1018 daAuts
    D:12: 1018 daAuts
     D:1: 977 daAuts
  Lair:3: 920 daAuts
    D:10: 891 daAuts
     D:3: 851 daAuts
     D:9: 829 daAuts
     D:4: 795 daAuts
     D:2: 751 daAuts
     D:8: 751 daAuts
   Orc:2: 738 daAuts
